[Event "Titled Tuesday Blitz March 29 Early 2022"]
[White "Hartikainen, Jarmo"]
[Black "Tiarks, Jann-Christian"]
[WhiteFideId "503134"]
[BlackFideId "12951595"]
[WhiteElo "2074"]
[BlackElo "2176"]
[Result "0-1"]
[Round "11"]
[TimeControl "180+1"]
[Date "2022.03.30"]
[WhiteClock "0:00:20"]
[BlackClock "0:01:36"]

1. e4 c5 2. Nf3 Nf6 3. Nc3 d5 4. exd5 Nxd5 5. Bc4 e6 6. d4 Nxc3 7. bxc3 Be7 8. O-O O-O 9. Re1 b6 10. Be3 Bb7 11. a4 Nc6 12. Qd2 cxd4 13. cxd4 Rc8 14. Be2 Na5 15. Ne5 Bf6 16. f4 Qc7 17. Bd3 Rfd8 18. Qe2 g6 19. Rad1 Bd5 20. Rf1 Nc4 21. Nxc4 Bxc4 22. Bxc4 Qxc4 23. Qf2 Qxc2 24. Rd2 Qxa4 25. h4 Rc3 26. Rfd1 Qb3 27. Re2 Qxd1+ 0-1


[Site "https://www.chess.com"]

[Event "Titled Tuesday Blitz March 29 Early 2022"]
[White "Hebden, Mark L"]
[Black "Oro, Luis"]
[WhiteFideId "400084"]
[BlackFideId "104094"]
[WhiteElo "2457"]
[BlackElo "2393"]
[Result "1-0"]
[Round "11"]
[TimeControl "180+1"]
[Date "2022.03.29"]
[WhiteClock "0:00:56"]
[BlackClock "0:00:51"]

1. d4 Nf6 2. Nf3 g6 3. g3 Bg7 4. Bg2 O-O 5. O-O d6 6. c4 Nbd7 7. Nc3 e5 8. e4 exd4 9. Nxd4 Re8 10. h3 Nc5 11. Re1 a5 12. Qc2 Ng4 13. Ndb5 Ne5 14. Rd1 Bd7 15. Be3 Nxc4 16. Bxc5 dxc5 17. Nxc7 Qxc7 18. Nd5 Qe5 19. Qxc4 Bc6 20. Qxc5 Bxd5 21. exd5 Qxb2 22. d6 Rec8 23. Qd5 Rc2 24. Qxb7 Qxb7 25. Bxb7 Rb8 26. Rab1 Bf6 27. a4 Rc4 28. Bd5 Rxb1 29. Rxb1 Rd4 30. Rb5 Kg7 31. Rxa5 Bd8 32. Rb5 Rxa4 33. Rb8 Bf6 34. d7 Rd4 35. d8=Q Bxd8 36. Rxd8 Kf6 37. Rd7 1-0


[Site "https://www.chess.com"]

[Event "Titled Tuesday Blitz March 29 Early 2022"]
[White "Heinemann, Josefine"]
[Black "Ambartsumova, Karina"]
[WhiteFideId "12900460"]
[BlackFideId "4166299"]
[WhiteElo "2448"]
[BlackElo "2609"]
[Result "1/2-1/2"]
[Round "11"]
[TimeControl "180+1"]
[Date "2022.03.30"]
[WhiteClock "0:00:49"]
[BlackClock "0:00:18"]

1. Nf3 Nf6 2. g3 g6 3. Bg2 Bg7 4. O-O O-O 5. d4 d6 6. c4 c6 7. Nc3 Bf5 8. Nh4 Be6 9. b3 d5 10. cxd5 cxd5 11. Nf3 Nc6 12. Bf4 Rc8 13. Rc1 Ne4 14. Nxe4 dxe4 15. Ne5 Nxd4 16. Rxc8 Bxc8 17. Bxe4 Ne6 18. Qxd8 Rxd8 19. Nd3 Nxf4 20. gxf4 e5 21. fxe5 b6 22. Rc1 Be6 23. Rc7 Rd7 24. Rxd7 Bxd7 25. Kf1 Kf8 26. f4 Ke7 27. Ke1 Bh6 28. e3 Bf8 29. Kd2 Bb5 30. Kc3 Bxd3 31. Kxd3 f6 32. exf6+ Kxf6 33. h3 Bc5 34. Bf3 g5 35. fxg5+ Kxg5 36. Bg4 h5 37. Bc8 Kf6 38. Ke4 h4 39. Kf4 Be7 40. e4 Bd6+ 41. Kg4 Bg3 42. Bb7 Ke5 43. a4 Be1 44. Bd5 a5 45. Kg5 Bg3 46. Kg6 Bf2 47. Kf7 Be3 48. Ke7 Bf2 49. Kd7 Be3 50. Kc6 Bf2 51. Kb5 Be3 52. b4 axb4 53. Kxb4 Bc5+ 54. Kb5 Bf2 55. Bb7 Be3 56. a5 bxa5 57. Kxa5 Bf2 58. Kb5 Bg3 59. Bd5 Bf4 60. Kc6 Bg3 61. Kd7 Bf4 62. Ke7 Bg3 63. Kf7 Be1 64. Kg6 Bf2 65. Kh5 Bg3 66. Kg4 Be1 67. Kh5 Bg3 68. Kg4 Be1 69. Kh5 Bg3 1/2-1/2


[Site "https://www.chess.com"]

[Event "Titled Tuesday Blitz March 29 Early 2022"]
[White "Ianov, Viktor"]
[Black "Muradov, Soltan"]
[WhiteFideId "14102730"]
[BlackFideId "14002108"]
[WhiteElo "2161"]
[BlackElo "1854"]
[Result "1/2-1/2"]
[Round "11"]
[TimeControl "180+1"]
[Date "2022.03.30"]
[WhiteClock "0:01:35"]
[BlackClock "0:00:05"]

1. Nf3 Nf6 2. g3 g6 3. b3 Bg7 4. Bb2 O-O 5. Bg2 b6 6. O-O Bb7 7. c4 c5 8. Nc3 d5 9. Nxd5 Nxd5 10. Bxg7 Kxg7 11. cxd5 Qxd5 12. d4 cxd4 13. Qxd4+ Qxd4 14. Nxd4 Bxg2 15. Kxg2 Na6 16. Rac1 Rac8 17. Nb5 Nc5 18. b4 Ne4 19. Nxa7 Ra8 20. Rc7 e6 21. Rd1 Nf6 22. a3 Nd5 23. Rb7 Rfb8 24. Rxb8 Rxb8 25. Rc1 Ra8 26. Nb5 f5 27. f3 Kf6 28. e4 fxe4 29. fxe4 Ne7 30. Kf3 Rd8 31. Rc3 g5 32. h3 Ng6 33. Ke3 h5 34. Rc6 Ne5 35. Rc3 h4 36. g4 Ng6 37. Rc6 Nf4 38. Nd4 Ke5 39. Nf3+ Kf6 40. e5+ Kg6 41. Nd4 Re8 42. Ke4 Kf7 43. Rxb6 Nxh3 44. a4 Nf2+ 45. Kf3 Nd3 46. a5 Nxe5+ 47. Ke4 Nxg4 48. a6 h3 49. Nf3 Nf2+ 50. Ke3 Ng4+ 51. Ke2 h2 52. Nxh2 Nxh2 53. b5 g4 54. Kf2 Kf6 55. Kg3 Nf3 56. Kxg4 Ne5+ 57. Kg3 Nc4 58. Rb7 e5 59. a7 Ra8 60. b6 Nxb6 61. Rxb6+ Kf5 62. Rb7 e4 63. Kf2 Ke5 64. Ke3 Kd5 65. Rd7+ Kc6 66. Re7 Kb6 67. Rf7 Rxa7 68. Rxa7 Kxa7 69. Kxe4 1/2-1/2


[Site "https://www.chess.com"]

[Event "Titled Tuesday Blitz March 29 Early 2022"]
[White "Jaferian, Koosha"]
[Black "Posthuma, Joshua"]
[WhiteFideId "12507440"]
[BlackFideId "2096889"]
[WhiteElo "2030"]
[BlackElo "2176"]
[Result "0-1"]
[Round "11"]
[TimeControl "180+1"]
[Date "2022.03.29"]
[WhiteClock "0:00:02"]
[BlackClock "0:00:04"]

1. Nf3 g6 2. b3 Bg7 3. d4 c5 4. Bb2 Nc6 5. e3 d6 6. c4 Bg4 7. Be2 e6 8. O-O Nge7 9. Qd2 O-O 10. dxc5 dxc5 11. Bxg7 Kxg7 12. Qc3+ Kg8 13. Nbd2 f5 14. Rad1 Qc7 15. h3 Bh5 16. Rfe1 h6 17. Nf1 Rad8 18. Ng3 Bxf3 19. Bxf3 b6 20. Rxd8 Rxd8 21. Qf6 Qe5 22. Qxe5 Nxe5 23. Nf1 Kf7 24. Be2 N7c6 25. Rd1 Rxd1 26. Bxd1 Nd3 27. Bc2 Nc1 28. Bb1 Nb4 29. a3 Nc6 30. Nd2 Ne2+ 31. Kf1 Nc3 32. Bc2 b5 33. Ke1 b4 34. a4 a5 35. Nb1 Nxb1 36. Bxb1 Kf6 37. Ke2 e5 38. Bc2 g5 39. f3 Ke6 40. Kf2 Kf6 41. Ke2 Nd8 42. Kf2 Ne6 43. g3 f4 44. exf4 gxf4 45. g4 Kg5 46. Bd1 Nd4 47. Kg2 Kh4 48. Kh2 Ne6 49. Be2 Ng5 50. Bf1 Nxf3+ 51. Kg2 Nd4 52. Bd3 0-1


[Site "https://www.chess.com"]

[Event "Titled Tuesday Blitz March 29 Early 2022"]
[White "Jarocka, Liwia"]
[Black "Odegov, Artem"]
[WhiteFideId "21807558"]
[BlackFideId "34183644"]
[WhiteElo "1896"]
[BlackElo "2286"]
[Result "0-1"]
[Round "11"]
[TimeControl "180+1"]
[Date "2022.03.30"]
[WhiteClock "0:01:01"]
[BlackClock "0:00:04"]

1. e4 e6 2. d4 d5 3. Nd2 Nf6 4. e5 Nfd7 5. Bd3 c5 6. c3 Nc6 7. Ne2 cxd4 8. cxd4 f6 9. exf6 Nxf6 10. O-O Bd6 11. Nf3 Qc7 12. Bg5 O-O 13. Bh4 Nh5 14. Qc2 h6 15. Bh7+ Kh8 16. Bg6 Nf4 17. Nxf4 Bxf4 18. Bg3 Bd7 19. a3 Qb6 20. Rfd1 Bxg3 21. hxg3 Rac8 22. Qd2 Na5 23. Qb4 Nb3 24. Rab1 Qxb4 25. axb4 a5 26. bxa5 Nxa5 27. Ne5 Ba4 28. Re1 Nb3 29. Bd3 Be8 30. Nf3 Bh5 31. Rxe6 Bxf3 32. gxf3 Nxd4 33. Re7 Nxf3+ 34. Kg2 Ng5 35. f4 Nf7 36. Rxb7 Rb8 37. Rxb8 Rxb8 38. b4 Nd6 39. b5 Kg8 40. Kf3 Kf7 41. Ke3 Ke6 42. Kd4 Rb7 43. Re1+ Kd7 44. Kc5 Rc7+ 45. Kxd5 Rc3 46. Kd4 Rb3 47. Ra1 Nxb5+ 48. Bxb5+ Rxb5 49. Ra7+ Ke6 50. Rxg7 Kf5 51. Ke3 Rb3+ 52. Kf2 Ra3 53. Kg2 Rb3 54. Kh3 Rb1 55. Rg8 Rh1+ 56. Kg2 Rb1 57. Rh8 Rb2+ 58. Kh3 Rb6 59. Rf8+ Ke4 60. g4 Rb1 61. f5 Kf4 62. Rg8 Rh1+ 63. Kg2 Ra1 64. f6 Ra7 65. Rg7 Ra8 66. f7 Rf8 67. Kh3 Ke5 68. Kh4 Kf6 69. Rh7 Kg6 0-1


[Site "https://www.chess.com"]

[Event "Titled Tuesday Blitz March 29 Early 2022"]
[White "Jary, Sergey"]
[Black "Postnikov, Daniil"]
[WhiteFideId "14110350"]
[BlackFideId "4166329"]
[WhiteElo "2260"]
[BlackElo "2261"]
[Result "1-0"]
[Round "11"]
[TimeControl "180+1"]
[Date "2022.03.29"]
[WhiteClock "0:01:49"]
[BlackClock "0:01:23"]

1. e4 e6 2. d4 d5 3. Nd2 c5 4. Ngf3 cxd4 5. exd5 Qxd5 6. Bc4 Qd6 7. O-O Nf6 8. Nb3 Nc6 9. Nbxd4 Nxd4 10. Nxd4 a6 11. Bb3 Qc7 12. Re1 Bd6 13. h3 O-O 14. Bg5 Bd7 15. Bxf6 gxf6 16. c3 Kh8 17. Qf3 f5 18. Rad1 Rg8 19. Kf1 Rg6 20. Qd3 Rag8 21. Nf3 Bc5 22. Ne5 Bc6 23. Nxg6+ hxg6 24. Qg3 Kg7 25. Qxc7 1-0


[Site "https://www.chess.com"]

[Event "Titled Tuesday Blitz March 29 Early 2022"]
[White "Jaskolka, Tomasz"]
[Black "Abdusattorov, Nodirbek"]
[WhiteFideId "1170791"]
[BlackFideId "14204118"]
[WhiteElo "2073"]
[BlackElo "2663"]
[Result "0-1"]
[Round "11"]
[TimeControl "180+1"]
[Date "2022.03.29"]
[WhiteClock "0:00:11"]
[BlackClock "0:00:38"]

1. d4 Nf6 2. Bf4 g6 3. Nc3 d5 4. e3 Bg7 5. h4 h5 6. Nf3 O-O 7. Be2 c5 8. Ne5 Nc6 9. Qd2 Bf5 10. g4 Nxg4 11. Bxg4 Bxg4 12. Nxg4 hxg4 13. Ne2 b5 14. h5 e5 15. dxe5 g5 16. Bg3 Nxe5 17. O-O-O Nc4 18. Qxd5 Bxb2+ 19. Kb1 Qf6 20. c3 Bxc3 21. h6 Na3+ 22. Kc1 Bb2+ 23. Kd2 Rad8 24. h7+ Kh8 0-1


[Site "https://www.chess.com"]

[Event "Titled Tuesday Blitz March 29 Early 2022"]
[White "Jeet, Jain"]
[Black "Marcziter, Dmitrii"]
[WhiteFideId "5073022"]
[BlackFideId "13900765"]
[WhiteElo "2085"]
[BlackElo "2155"]
[Result "0-1"]
[Round "11"]
[TimeControl "180+1"]
[Date "2022.03.30"]
[WhiteClock "0:00:20"]
[BlackClock "0:00:54"]

1. d4 Nf6 2. Nf3 g6 3. Bf4 Bg7 4. h3 d6 5. e3 O-O 6. c4 b6 7. Nc3 Bb7 8. Be2 Nbd7 9. O-O Qe8 10. Rc1 e5 11. Bh2 Qe7 12. b4 e4 13. Nd2 Rfe8 14. a4 a5 15. b5 Nf8 16. c5 dxc5 17. dxc5 Rad8 18. cxb6 cxb6 19. Qb3 Rxd2 20. Bc4 Red8 21. Ne2 Ne6 22. Rfe1 Bd5 23. Bxd5 R2xd5 24. Rc6 Nc5 25. Qc4 Rd1 26. Kf1 Qd7 27. Nd4 Rxe1+ 28. Kxe1 Nd3+ 29. Kf1 Qb7 30. Bc7 Rc8 31. g4 Nb4 32. g5 Nd7 33. Bd6 Nxc6 34. bxc6 Qa8 35. c7 Qb7 36. Nb5 Ne5 37. Qc2 Qc6 38. Qd2 Nf3 39. Qd1 Nxg5 40. Kg2 Qd7 41. Qc2 Qxh3+ 0-1


[Site "https://www.chess.com"]

[Event "Titled Tuesday Blitz March 29 Early 2022"]
[White "Johnson, Ben"]
[Black "Kejzar, Petra"]
[WhiteFideId "2010917"]
[BlackFideId "14610213"]
[WhiteElo "2197"]
[BlackElo "2003"]
[Result "0-1"]
[Round "11"]
[TimeControl "180+1"]
[Date "2022.03.30"]
[WhiteClock "0:00:03"]
[BlackClock "0:00:10"]

1. Nf3 Nf6 2. c4 e6 3. b3 Be7 4. Bb2 O-O 5. Nc3 d5 6. e3 c5 7. cxd5 exd5 8. d4 Nc6 9. Be2 Be6 10. O-O Rc8 11. Rc1 a6 12. dxc5 Bxc5 13. Nxd5 Nxd5 14. Rxc5 Qe7 15. Rxd5 Bxd5 16. Qxd5 Rfd8 17. Qh5 Nb4 18. Qg4 g6 19. h4 Rc2 20. Ba3 a5 21. Bxb4 axb4 22. Bc4 Rxa2 23. Ng5 Rf8 24. Qf4 h6 25. Ne4 Ra5 26. g3 Rf5 27. Qg4 b5 28. Bd3 h5 29. Qe2 Rd5 30. Rd1 Rfd8 31. f4 R8d7 32. Kf2 Ra7 33. Bc2 Rxd1 34. Qxd1 Ra2 35. Qd3 Qc7 36. Nf6+ Kh8 37. Kf3 Rxc2 38. Qd4 Qc6+ 0-1


[Site "https://www.chess.com"]

[Event "Titled Tuesday Blitz March 29 Early 2022"]
[White "Jumabayev, Rinat"]
[Black "Aradhya, Garg"]
[WhiteFideId "13702661"]
[BlackFideId "25006746"]
[WhiteElo "2561"]
[BlackElo "2169"]
[Result "1-0"]
[Round "11"]
[TimeControl "180+1"]
[Date "2022.03.29"]
[WhiteClock "0:00:15"]
[BlackClock "0:00:20"]

1. e4 e5 2. Nf3 Nc6 3. Bb5 a6 4. Ba4 Bc5 5. O-O d6 6. c3 Bd7 7. d4 Ba7 8. Be3 Nf6 9. Bxc6 Bxc6 10. dxe5 dxe5 11. Qxd8+ Kxd8 12. Bxa7 Rxa7 13. Nxe5 Re8 14. Nxc6+ bxc6 15. f3 Rb7 16. Rf2 Ke7 17. Na3 Rd8 18. Nc4 g5 19. Re1 c5 20. g3 h5 21. Kg2 h4 22. gxh4 gxh4 23. Kh3 Rh8 24. Rd2 Rbb8 25. e5 Nh5 26. Re4 Rbg8 27. Ne3 Rg5 28. Nd5+ Ke6 29. Nxc7+ Kf5 30. e6 Nf4+ 31. Rxf4+ Kxf4 32. exf7 Rf5 33. Ne6+ Ke3 34. Rd7 Rxf3+ 35. Kg4 Rf6 36. Re7 Kd2 37. Nxc5 Kc1 38. b4 Rf8 39. Nd3+ Kd2 40. Ne5 Kxc3 41. Rb7 Kd4 42. Re7 Kd5 43. Kg5 Rf1 44. Kxh4 Kd6 45. Re8 R1xf7 46. Nxf7+ Rxf7 47. Ra8 Kc6 48. Rxa6+ Kb5 49. Rg6 Kxb4 50. Kg5 Ra7 51. h4 Kc5 52. h5 Kd5 53. h6 Rxa2 54. h7 Rg2+ 55. Kf6 Rh2 56. Kg7 Rxh7+ 57. Kxh7 Ke5 58. Kg7 Kf5 59. Kf7 Ke4 60. Kf6 Kd5 61. Rg4 1-0


[Site "https://www.chess.com"]

[Event "Titled Tuesday Blitz March 29 Early 2022"]
[White "Karavade, Eesha"]
[Black "Kalavannan, Koby"]
[WhiteFideId "5012600"]
[BlackFideId "425753"]
[WhiteElo "2258"]
[BlackElo "1927"]
[Result "0-1"]
[Round "11"]
[TimeControl "180+1"]
[Date "2022.03.30"]
[WhiteClock "0:00:01"]
[BlackClock "0:00:04"]

1. d4 Nf6 2. c4 g6 3. Nc3 Bg7 4. e4 d6 5. Nf3 O-O 6. Be2 e5 7. Be3 exd4 8. Nxd4 Re8 9. f3 c6 10. Qd2 d5 11. exd5 cxd5 12. O-O Nc6 13. Rad1 Be6 14. cxd5 Bxd5 15. Nxd5 Nxd5 16. Nxc6 bxc6 17. Bf2 Qf6 18. b3 Rad8 19. Qc2 Qg5 20. Bc4 Nf4 21. Bg3 Qc5+ 22. Kh1 Rxd1 23. Rxd1 Ne6 24. Bf2 Qe7 25. g3 Ng5 26. Kg2 Qf6 27. f4 Ne4 28. Re1 Qe7 29. Bd3 f5 30. Bxe4 fxe4 31. Bc5 Qd7 32. Qc4+ Qd5 33. Kf2 Kf7 34. Rd1 Qxc4 35. bxc4 Ke6 36. Ke3 Kf5 37. Rd6 Bb2 38. Rxc6 Bc1+ 39. Ke2 Rb8 40. Rc7 e3 41. Bxe3 Re8 42. Rc5+ Kg4 43. Re5 Rxe5 44. fxe5 Ba3 45. c5 Kf5 46. c6 Ke6 0-1


[Site "https://www.chess.com"]

[Event "Titled Tuesday Blitz March 29 Early 2022"]
[White "Karavaeva, Olga"]
[Black "Korchmar, Vasiliy"]
[WhiteFideId "4124111"]
[BlackFideId "24131750"]
[WhiteElo "2300"]
[BlackElo "2715"]
[Result "0-1"]
[Round "11"]
[TimeControl "180+1"]
[Date "2022.03.30"]
[WhiteClock "0:01:02"]
[BlackClock "0:01:14"]

1. c4 c6 2. e4 d5 3. exd5 cxd5 4. d4 Nf6 5. Nc3 g6 6. Qb3 dxc4 7. Bxc4 e6 8. Nf3 Bg7 9. O-O O-O 10. Bf4 Nc6 11. Rad1 Na5 12. Qb4 Nxc4 13. Qxc4 Bd7 14. Ne5 Rc8 15. Qb3 Qb6 16. Qxb6 axb6 17. h3 Bc6 18. Nxc6 Rxc6 19. Be5 Rd8 20. Rfe1 Nd5 21. Bxg7 Kxg7 22. Rd3 Rc4 23. Re2 Nf4 24. Red2 Nxd3 25. Rxd3 Rcxd4 0-1


[Site "https://www.chess.com"]

[Event "Titled Tuesday Blitz March 29 Early 2022"]
[White "Karolczuk, Iwo"]
[Black "Vakhlamov, Igor L."]
[WhiteFideId "21816972"]
[BlackFideId "24126748"]
[WhiteElo "2243"]
[BlackElo "2401"]
[Result "1/2-1/2"]
[Round "11"]
[TimeControl "180+1"]
[Date "2022.03.29"]
[WhiteClock "0:01:14"]
[BlackClock "0:02:07"]

1. e4 c5 2. Nf3 Nc6 3. Bb5 Nf6 4. Bxc6 dxc6 5. d3 Bg4 6. h3 Bh5 7. Nbd2 Qc7 8. Nc4 e6 9. Be3 Nd7 10. g4 Bg6 11. Qd2 Be7 12. Bf4 Qd8 13. Nd6+ Bxd6 14. Bxd6 c4 15. O-O-O cxd3 16. Qxd3 Qa5 17. Bb4 Qc7 18. Bd6 Qa5 19. Bb4 Qc7 20. Bd6 Qb6 21. Be7 Qc7 22. Bd6 1/2-1/2


[Site "https://www.chess.com"]

[Event "Titled Tuesday Blitz March 29 Early 2022"]
[White "Kobalia, Mikhail"]
[Black "Matlakov, Maxim"]
[WhiteFideId "4119150"]
[BlackFideId "4168003"]
[WhiteElo "2667"]
[BlackElo "2669"]
[Result "0-1"]
[Round "11"]
[TimeControl "180+1"]
[Date "2022.03.29"]
[WhiteClock "0:00:03"]
[BlackClock "0:00:22"]

1. e4 c5 2. Nf3 d6 3. d4 cxd4 4. Nxd4 Nf6 5. Nc3 a6 6. Be3 e5 7. Nb3 Be7 8. Qd2 Ng4 9. g3 Nxe3 10. Qxe3 Be6 11. O-O-O O-O 12. Kb1 Nc6 13. f4 b5 14. f5 Bc8 15. Nd5 Bg5 16. Qf2 Bb7 17. h4 Bh6 18. c4 bxc4 19. Bxc4 a5 20. Qb6 Qb8 21. Nc7 Nb4 22. Bd5 Nxd5 23. exd5 a4 24. Na5 Bxd5 25. Nxd5 Qxb6 26. Nxb6 Rxa5 27. Rxd6 e4 28. g4 Bf4 29. Rd5 Ra6 30. Nd7 Re8 31. Nc5 Ra5 32. Rhd1 e3 33. Rd8 Kf8 34. Rxe8+ Kxe8 35. Nd3 Bg3 36. Rg1 Bxh4 37. Rh1 Bg5 38. Rxh7 Rd5 39. Kc2 e2 40. Rh2 Rxd3 0-1


[Site "https://www.chess.com"]

[Event "Titled Tuesday Blitz March 29 Early 2022"]
[White "Kopylov, Alexander A."]
[Black "Sahil, Tickoo"]
[WhiteFideId "4164857"]
[BlackFideId "5019710"]
[WhiteElo "2436"]
[BlackElo "2099"]
[Result "0-1"]
[Round "11"]
[TimeControl "180+1"]
[Date "2022.03.30"]
[WhiteClock "0:00:08"]
[BlackClock "0:00:07"]

1. e4 c5 2. Nf3 d6 3. d4 cxd4 4. Nxd4 Nf6 5. Nc3 a6 6. Be2 e5 7. Nb3 Be7 8. O-O Be6 9. Qd3 Nbd7 10. Nd5 Bxd5 11. exd5 Qc7 12. c4 O-O 13. Bd2 b6 14. a4 Nc5 15. Nxc5 bxc5 16. Ra3 Nd7 17. Rb3 Rab8 18. Rxb8 Rxb8 19. b3 Qb7 20. Bd1 g6 21. f4 f5 22. Bc2 e4 23. Qh3 Nf6 24. Bc3 Bd8 25. Kh1 Qf7 26. Re1 Ng4 27. Rf1 Bf6 28. Bxf6 Qxf6 29. Bd1 h5 30. Qg3 Kf7 31. h3 Nh6 32. Qe3 Qd4 33. Qg3 Ng8 34. Qg5 Nf6 35. Qg3 Re8 36. Re1 e3 37. Qf3 h4 38. Kh2 Nh5 39. Rf1 Ng3 40. Re1 Qd3 41. Kg1 Qd2 42. Rf1 Nxf1 43. Qxf1 e2 44. Bxe2 Rxe2 0-1


[Site "https://www.chess.com"]

[Event "Titled Tuesday Blitz March 29 Early 2022"]
[White "Koridze, Lile"]
[Black "Sanchez, Robert"]
[WhiteFideId "13612514"]
[BlackFideId "2034360"]
[WhiteElo "1999"]
[BlackElo "2280"]
[Result "1-0"]
[Round "11"]
[TimeControl "180+1"]
[Date "2022.03.30"]
[WhiteClock "0:00:15"]
[BlackClock "0:00:01"]

1. d4 Nf6 2. c4 e6 3. Nc3 Bb4 4. e3 O-O 5. Bd3 d5 6. Ne2 c5 7. O-O Nc6 8. dxc5 Bxc5 9. a3 a5 10. cxd5 exd5 11. Qc2 Ba7 12. Nb5 Bb8 13. b3 Ne5 14. Bf5 Bd7 15. Nbd4 Qe7 16. Bb2 Rc8 17. Qb1 Qd6 18. g3 Ba7 19. Kg2 Ng6 20. h4 Ne4 21. Bxe4 dxe4 22. Qxe4 Re8 23. Qb1 Qd5+ 24. Kh2 Ne5 25. Nf4 Ng4+ 26. Kg1 Qd6 27. Nf5 Bxf5 28. Qxf5 Nxe3 29. fxe3 Rxe3 30. Kh2 Qd2+ 31. Kh3 Qxb2 32. Nd5 Ree8 33. Qxf7+ Kh8 34. Rae1 Rg8 35. Ne7 Rgd8 36. Rf3 Qxa3 37. Re5 Qd6 38. Rh5 h6 39. Ng6+ Kh7 40. Rff5 Be3 41. Ne5 Rf8 42. Qxb7 Rae8 43. Nf7 Qg6 44. Qf3 Bc5 45. Ng5+ 1-0


[Site "https://www.chess.com"]

[Event "Titled Tuesday Blitz March 29 Early 2022"]
[White "Kosteniuk, Alexandra"]
[Black "Reprintsev, Alexander"]
[WhiteFideId "4128125"]
[BlackFideId "14100541"]
[WhiteElo "2469"]
[BlackElo "2108"]
[Result "1/2-1/2"]
[Round "11"]
[TimeControl "180+1"]
[Date "2022.03.29"]
[WhiteClock "0:00:09"]
[BlackClock "0:00:07"]

1. e4 d5 2. exd5 Qxd5 3. Nc3 Qa5 4. d4 Nf6 5. Nf3 Nc6 6. Bb5 Ne4 7. Qd3 Nxc3 8. bxc3 a6 9. Bxc6+ bxc6 10. O-O Bf5 11. Qe2 e6 12. c4 Be7 13. Bd2 Qa4 14. c3 O-O 15. h3 Rab8 16. Bf4 Bd6 17. Bg5 h6 18. Be3 Qa3 19. c5 Be7 20. Ne5 Rb2 21. Qf3 Rxa2 22. Rxa2 Qxa2 23. Qxc6 Qa5 24. c4 f6 25. Nf3 Rf7 26. d5 exd5 27. cxd5 Bf8 28. Nd4 Bd7 29. Qa8 Qxc5 30. Ne6 Qc4 31. Bc5 Bxe6 32. dxe6 Qxe6 33. Rd1 Qc4 34. Ba3 Qb3 35. Ra1 g5 36. Qxa6 Kg7 37. Bxf8+ Rxf8 38. Qc6 Rf7 39. Rc1 Qd3 40. g3 Qd7 41. Qg2 Qe6 42. Rc6 Qe5 43. Qf3 Qd4 44. Kg2 Kg6 45. Rc3 h5 46. g4 hxg4 47. hxg4 Kg7 48. Rd3 Qe5 49. Rd8 Qe6 50. Rd4 Rd7 51. Re4 Qd5 52. Kg3 Qd6+ 53. Kg2 Re7 54. Ra4 Qe6 55. Rd4 Qe5 56. Rd5 Qe4 57. Qxe4 Rxe4 58. Rd7+ Kg6 59. f3 Rc4 60. Kg3 Rc6 61. Re7 f5 62. gxf5+ Kxf5 63. Rf7+ Ke6 64. Rg7 Rc5 65. Kg4 Kf6 66. Rd7 Rc4+ 67. Kg3 c5 68. Rd6+ Ke5 69. Rg6 Kf5 70. Rc6 Rc1 71. Rc8 c4 72. Rc5+ Kf6 73. Kg4 c3 74. Rc6+ Ke5 75. Kxg5 Rg1+ 76. Kh6 Kd4 77. f4 Rf1 78. Kg5 Rg1+ 79. Kf6 Kd3 80. f5 c2 81. Kf7 c1=Q 82. Rxc1 Rxc1 83. f6 Ke4 84. Kg7 Rg1+ 85. Kh8 Rh1+ 86. Kg7 Rg1+ 87. Kh8 Rf1 88. Kg7 Ke5 89. f7 Rg1+ 90. Kh8 Rh1+ 91. Kg8 Rg1+ 92. Kh8 Rh1+ 93. Kg8 Rg1+ 94. Kh8 1/2-1/2


[Site "https://www.chess.com"]

[Event "Titled Tuesday Blitz March 29 Early 2022"]
[White "Kostiukov, Alexandr"]
[Black "Iskusnyh, Sergei"]
[WhiteFideId "14108100"]
[BlackFideId "4120027"]
[WhiteElo "2202"]
[BlackElo "2492"]
[Result "1-0"]
[Round "11"]
[TimeControl "180+1"]
[Date "2022.03.30"]
[WhiteClock "0:00:25"]
[BlackClock "0:00:01"]

1. g3 d5 2. Bg2 Nf6 3. d3 Bf5 4. Nc3 e6 5. e4 Bg6 6. exd5 exd5 7. Nf3 Be7 8. O-O O-O 9. Nh4 c6 10. Nxg6 hxg6 11. Bd2 Na6 12. Qf3 Re8 13. a3 Nc7 14. Bh3 Bf8 15. Rfe1 Ne6 16. Bxe6 fxe6 17. Bf4 Bd6 18. d4 Bxf4 19. Qxf4 Nd7 20. Re2 Nf8 21. Rae1 Qf6 22. Qg4 g5 23. Re5 Re7 24. Rxg5 Rf7 25. Re2 Re8 26. h4 Nd7 27. Rg6 Qf5 28. Qxf5 Rxf5 29. Rgxe6 Rxe6 30. Rxe6 Kf7 31. Re2 Nb6 32. b3 Rf3 33. Re3 Rf6 34. f4 Nc8 35. Kg2 Nd6 36. Kf3 Nf5 37. Rd3 Rg6 38. Ne2 Re6 39. h5 a5 40. g4 Nd6 41. Ng3 a4 42. bxa4 Re8 43. Rb3 Ra8 44. Rb4 1-0


[Site "https://www.chess.com"]

[Event "Titled Tuesday Blitz March 29 Early 2022"]
[White "Kucuksari, Kaan"]
[Black "Mikhalsky, Vladimir"]
[WhiteFideId "6380166"]
[BlackFideId "14144352"]
[WhiteElo "2691"]
[BlackElo "2498"]
[Result "0-1"]
[Round "11"]
[TimeControl "180+1"]
[Date "2022.03.30"]
[WhiteClock "0:02:42"]
[BlackClock "0:01:37"]

1. d4 Nf6 2. Nf3 g6 3. c4 Bg7 4. g3 O-O 5. Bg2 d6 6. O-O Nbd7 7. Nc3 e5 8. e4 c6 9. h3 Qb6 10. d5 cxd5 11. cxd5 Nc5 12. Re1 a5 13. a4 Bd7 14. Nd2 Nd3 15. Nc4 Qxf2+ 16. Kh1 Nxe1 17. Qe2 Qxe2 18. Nxe2 Nxg2 19. Kxg2 Nxe4 20. Nb6 Rad8 21. Be3 f5 22. Rc1 g5 23. Rc7 Rf7 24. Nc3 Nxc3 25. Bxg5 Bf6 26. Bxf6 Rxf6 27. bxc3 Be8 28. c4 Rf7 0-1


[Site "https://www.chess.com"]

[Event "Titled Tuesday Blitz March 29 Early 2022"]
[White "Lagunov, Evgenij"]
[Black "Fiol, Fabrice"]
[WhiteFideId "4125363"]
[BlackFideId "611670"]
[WhiteElo "2200"]
[BlackElo "2432"]
[Result "1-0"]
[Round "11"]
[TimeControl "180+1"]
[Date "2022.03.30"]
[WhiteClock "0:00:54"]
[BlackClock "0:00:18"]

1. e4 c5 2. Nf3 e6 3. d4 cxd4 4. Nxd4 a6 5. Bd3 Nc6 6. Be3 Qc7 7. O-O Nf6 8. Nd2 b5 9. c3 Bb7 10. f4 Bc5 11. Kh1 h5 12. a4 bxa4 13. Rxa4 Be7 14. Qe2 h4 15. Bxa6 h3 16. g4 Bxa6 17. Rxa6 Rxa6 18. Qxa6 Nxg4 19. Qe2 Nf6 20. b4 O-O 21. Qf3 e5 22. Nf5 Bd8 23. Rg1 g6 24. Qxh3 d5 25. Qh6 dxe4 26. Qg7# 1-0


[Site "https://www.chess.com"]

[Event "Titled Tuesday Blitz March 29 Early 2022"]
[White "Lakshmi C"]
[Black "Ciolacu, Alessia-Mihaela"]
[WhiteFideId "25035347"]
[BlackFideId "1252640"]
[WhiteElo "1775"]
[BlackElo "1777"]
[Result "0-1"]
[Round "11"]
[TimeControl "180+1"]
[Date "2022.03.30"]
[WhiteClock "0:00:01"]
[BlackClock "0:00:11"]

1. e4 e6 2. d4 d5 3. Nc3 Nf6 4. e5 Nfd7 5. f4 c5 6. Nf3 Nc6 7. Be3 Qb6 8. Rb1 cxd4 9. Bxd4 Nxd4 10. Qxd4 Bc5 11. Qd2 Bb4 12. a3 Bxc3 13. Qxc3 Nc5 14. Nd4 Bd7 15. Bd3 Rc8 16. Qd2 O-O 17. Be2 Ne4 18. Qb4 Qc7 19. O-O a5 20. Qe1 Qc5 21. c3 b5 22. Bd3 b4 23. axb4 axb4 24. Bxe4 dxe4 25. Qxe4 bxc3 26. Rbc1 Bc6 27. Qe3 Rfd8 28. bxc3 Bb7 29. f5 Qd5 30. Rf2 exf5 31. Nxf5 Kf8 32. Qg5 Qxe5 33. Qg4 Bd5 0-1


[Site "https://www.chess.com"]

[Event "Titled Tuesday Blitz March 29 Early 2022"]
[White "Le Ruyet, Leopold"]
[Black "Rastbod, Ali"]
[WhiteFideId "645923"]
[BlackFideId "12567477"]
[WhiteElo "2276"]
[BlackElo "2200"]
[Result "1-0"]
[Round "11"]
[TimeControl "180+1"]
[Date "2022.03.29"]
[WhiteClock "0:00:16"]
[BlackClock "0:00:11"]

1. d4 g6 2. c4 Bg7 3. Nc3 d6 4. e4 Nc6 5. Be3 e5 6. Nge2 exd4 7. Nxd4 Nge7 8. Be2 O-O 9. h4 h5 10. Qd2 Ne5 11. f3 N7c6 12. O-O-O Nxd4 13. Bxd4 Be6 14. Nd5 c6 15. Ne3 Qc7 16. f4 Rfd8 17. Bc3 Bh6 18. g3 Nd7 19. f5 gxf5 20. exf5 Bxf5 21. Bxh5 Re8 22. Rde1 Nc5 23. Qd4 Re5 24. Kd1 Ne6 25. Qd2 Bh7 26. g4 Bf4 27. Rhf1 Rd8 28. g5 Qb6 29. Rxf4 Nxf4 30. Ng4 Rxe1+ 31. Qxe1 Bf5 32. Nh6+ Kf8 33. Nxf5 Nd3 34. Qe7+ Kg8 35. Nh6+ Kh7 36. Qxf7# 1-0


[Site "https://www.chess.com"]